 Dungeon Crawl Stone Soup version 0.26-a0-812-g31a745ddcd (webtiles) character file.

Game seed: 2887858172121432252

70 Dracia the Skirmisher (level 4, -2/35 HPs)
             Began as a Demonspawn Wanderer on Dec 3, 2020.
             Slain by an ogre
             ... wielding a +0 giant spiked club
              (8 damage)
             ... on level 2 of the Dungeon.
             The game lasted 00:03:45 (1538 turns).

Dracia the Skirmisher (Demonspawn Wanderer)         Turns: 1538, Time: 00:03:46

Health: -2/35      AC:  9    Str: 13    XL:     4   Next: 3%
Magic:  5/5        EV:  8    Int: 14    God:
Gold:   125        SH:  0    Dex: 12    Spells: 4/5 levels left

rFire    . . .     SeeInvis .   a - +0 hand axe
rCold    + . .     Faith    .   (no shield)
rNeg     . . .     Spirit   .   c - +2 scale mail
rPois    .         Reflect  .   (no helmet)
rElec    .         Harm     .   (no cloak)
rCorr    .         Rampage  .   e - +0 pair of gloves
MR       .....                  (no boots)
Stlth    ..........             (no amulet)
HPRegen  0.11/turn              (no ring)
MPRegen  0.09/turn              (no ring)

@: no status effects
A: cold resistance 1
a: no special abilities


You were on level 2 of the Dungeon.
You visited 1 branch of the dungeon, and saw 2 of its levels.

You collected 125 gold pieces.


Innate Abilities, Weirdness & Mutations

Your flesh is cold resistant. (rC+)


   Skills:
 - Level 3.0 Fighting
 + Level 2.5 Axes
 - Level 1.0 Throwing
 - Level 1.0 Armour
 - Level 1.0 Spellcasting
 + Level 2.7 Necromancy
   Level 1.7 Fire Magic
   Level 1.0 Evocations


You had 4 spell levels left.
You knew the following spells:

 Your Spells              Type           Power        Failure   Level
a - Animate Skeleton      Necr           #.....       38%         1

Your spell library contained the following spells:

 Spells                   Type           Power        Failure   Level
 Vampiric Draining        Necr           #.........   77%         3

Inventory:

Hand Weapons
 a - a +0 hand axe (weapon)
Armour
 c - a +2 scale mail (worn)
 e - a +0 pair of gloves (worn)
Scrolls
 d - a scroll of enchant armour {unknown}
 g - a scroll of random uselessness {unknown}
 h - a scroll of teleportation {unknown}
 j - 2 scrolls of identify {unknown}
 k - a scroll of amnesia {unknown}

Dungeon Overview and Level Annotations

Branches:
Dungeon (2/15)

Altars:

#########.......##.#.# #.
#..........####..#.#.# #.
#.#......#.# ##.#.#.# #.
#.#....#.#.#####...#.####. ######
#.#.<..#....#............. .....#
#.#....###..#.###..#.##### .....#
#.#....+....#.#.##.#.#
.....###+#....###..#.#.##...#
.....(.....#....@O).....#...#####
#..........#.....†...#.##........
#..........#....PP...#..g.#######
#..........#....P....######
....##.###.#.##...........#
....##+###..........#####.####
.#...........####...##.#.....#
.#...........####...##....##.#
.#.......................###.#


You could see an ogre.


Message History

Things that are here:
a +0 club; a hobgoblin skeleton
As you read the scroll labelled BAGGYTRIAM, it crumbles to dust.
You feel blessed for a moment.
It was a scroll of remove curse.
You hit the ogre.
The ogre is lightly wounded.
The ogre barely misses you.
You hit the ogre but do no damage.
The ogre is lightly wounded.
You miss the goblin.
The ogre hits you with a +0 giant spiked club!
* * * LOW HITPOINT WARNING * * *
The goblin hits you.
* * * LOW HITPOINT WARNING * * *
You hit the ogre.
The ogre is moderately wounded.
You hit the goblin. The goblin hits you but does no damage.
The ogre hits you with a +0 giant spiked club.
* * * LOW HITPOINT WARNING * * *
You hit the ogre but do no damage.
The ogre is moderately wounded.
You hit the goblin.
You kill the goblin!
The ogre barely misses you.
You hit the ogre.
The ogre is heavily wounded.
You hit the ogre.
The ogre is severely wounded.
The ogre hits you with a +0 giant spiked club!
You die...

Skill      XL: |  1  2 |
---------------+-------+-----
Necromancy     | 1 2 |  2.7
Axes           | 2 |  2.5
Fighting       | |  3.0
Throwing       | |  1.0
Armour         | |  1.0
Spellcasting   | |  1.0
Fire Magic     | |  1.7
Evocations     | |  1.0

Action                   |  1- 3 |  4- 6 || total
-------------------------+-------+-------++-------
Melee: Hand axe          |   130 |    11 ||   141
  Use: Potion            |       |     3 ||     3
       Scroll            |       |     1 ||     1
Armor: Scale mail        |   100 |     2 ||   102
Dodge: Dodged            |    80 |     6 ||    86

Levels and vault maps discovered:
D:1:      wander_arrival_lonely_grave, layout_basic
D:2:      layout_basic, chequers_ecumenical_altar_simple, minmay_hedge_maze,
          serial_park_tiny_1, grunt_ministairs_13

Notes
Turn   | Place    | Note
-------+----------+-------------------------------------------
     0 | D:1      | Dracia the Demonspawn Wanderer began the quest for the Orb.
     0 | D:1      | Dracia set off with the following items: a +0 hand axe, a
                  | +2 scale mail; and the following spell memorised: Animate
                  | Skeleton; and the following spells available to memorise:
                  | Vampiric Draining
     0 | D:1      | Reached XP level 1. HP: 18/18 MP: 2/2
    17 | D:1      | Reached skill level 1 in Necromancy
   146 | D:1      | Gained mutation: Your flesh is cold resistant. (rC+)
                  | [demonic ancestry]
   146 | D:1      | Reached XP level 2. HP: 22/24 MP: 3/3
   598 | D:1      | Reached skill level 2 in Axes
   629 | D:1      | Reached skill level 2 in Necromancy
   629 | D:1      | Reached XP level 3. HP: 29/29 MP: 4/4
  1330 | D:2      | Reached XP level 4. HP: 33/35 MP: 5/5
  1469 | D:2      | Noticed an ogre
  1538 | D:2      | Slain by an ogre

Vanquished Creatures
  2 adders (D:2)
  An ooze (D:1)
  2 dart slugs (D:1)
  3 leopard geckos
  5 bats
  A giant cockroach (D:1)
  6 goblins
  6 hobgoblins
  3 jackals (D:2)
  4 kobolds
  A frilled lizard (D:1)
  4 rats
38 creatures vanquished.

Table legend: (Time is in decaauts)
 A = Elapsed time spent in this place.
 B = Non-inter-level travel time spent in this place.
 C = Inter-level travel time spent in this place.
 D = Time resting spent in this place.
 E = Time spent auto-exploring this place.
 F = Levels seen in this place.
 G = Mean time per level.
                   A        B        C        D        E       F      G
               +--------+--------+--------+--------+--------+-----+--------+
         Total |   1566 |   1545 |     21 |      0 |   1222 |   2 |  783.0 |
       Dungeon |   1566 |   1545 |     21 |      0 |   1222 |   2 |  783.0 |
               +--------+--------+--------+--------+--------+-----+--------+

Top non-repeatable levels by time:
     D:1: 1009 daAuts
     D:2: 556 daAuts

Table legend:
 A = Non-vault XP
 B = Vault XP
 C = Vault XP percentage of total XP
 D = Non-vault monster count
 E = Vault monster count
 F = Vault count percentage of total count
                 A         B        C        D         E       F
            +---------+---------+-------+---------+---------+-------
      Total |      98 |       2 |   2.0 |      37 |       1 |   2.6
            +---------+---------+-------+---------+---------+-------
        D:1 |      53 |       0 |   0.0 |      25 |       0 |   0.0
        D:2 |      45 |       2 |   4.3 |      12 |       1 |   7.7
            +---------+---------+-------+---------+---------+-------
